 Dungeon Crawl Stone Soup version 0.27-a0-1196-g3e9cee4cb2 (webtiles) character file.

Game seed: 12857809174867838748

14 Kold the Sneak (level 2, 0/24 HPs)
             Began as a Demonspawn Delver on May 27, 2021.
             Slain by a scorpion (4 damage)
             ... on level 3 of the Dungeon.
             The game lasted 00:00:52 (447 turns).

Kold the Sneak (Demonspawn Delver)                   Turns: 447, Time: 00:00:52

Health: 0/24       AC:  3    Str: 12    XL:     2   Next: 27%
Magic:  2/2        EV: 12    Int: 11    God:
Gold:   0          SH:  0    Dex: 14    Spells: 1/1 levels left

rFire    . . .     SeeInvis .   a - +0 hand axe
rCold    . . .     Faith    .   (no shield)
rNeg     . . .     Spirit   .   b - +0 leather armour
rPois    .         Reflect  .   (no helmet)
rElec    .         Harm     .   (no cloak)
rCorr    .         Rampage  .   (no gloves)
Will     .....                  (no boots)
Stlth    +++.......             h - amulet of magic regeneration
HPRegen  0.08/turn              (no ring)
MPRegen  0.33/turn              (no ring)

@: hasted, very quick
A: foul stench 1
a: no special abilities


You were on level 3 of the Dungeon.
You visited 1 branch of the dungeon, and saw 3 of its levels.

Inventory:

Hand Weapons
 a - a +0 hand axe (weapon)
Armour
 b - a +0 leather armour (worn)
 i - a +0 buckler
Jewellery
 h - an amulet of magic regeneration (around neck)
Wands
 g - a wand of digging (3)
Scrolls
 c - a scroll of fog
 d - a scroll of magic mapping


   Skills:
 + Level 3.1 Fighting
 + Level 2.0 Axes
 + Level 2.0 Dodging
 + Level 4.6 Stealth


You had one spell level left.
You didn't know any spells.
Your spell library was empty.

Dungeon Overview and Level Annotations

Branches:
Dungeon (5/15)
 Temple: D:4-7

Altars:


Innate Abilities, Weirdness & Mutations

You may rarely emit foul miasma when damaged in melee.


Message History

You hit the adder.
The adder is heavily wounded.
The adder bites you.
You are poisoned.
The adder poisons you!
You closely miss the adder.
The adder is heavily wounded.
You feel sick. The adder barely misses you. The adder closely misses you.
You hit the adder.
The adder is almost dead.
You feel sick. The adder bites you. x2
You hit the adder.
You kill the adder!
You feel sick.
Your Axes skill increases to level 2!
Your Dodging skill increases to level 2!
You have reached level 2!
Your demonic ancestry asserts itself...
You begin to emit a foul stench of rot and decay.
You start resting.
You feel sick. x2
You are no longer poisoned.
You start resting.
A goblin comes into view.
It is wielding a +0 dagger and carrying a wand of flame (8).
The goblin shouts!
The goblin zaps a wand.
The puff of flame hits you!
You are too injured to fight recklessly!
You are too injured to fight recklessly!
The goblin unwields a +0 dagger.
The goblin wields a +0 hunting sling.
The goblin shoots a stone.
The stone hits you.
A scorpion comes into view.
The goblin shoots a stone.
The stone misses you.
Found a scroll labelled HYUCAL INEUSIO.
You closely miss the goblin.
The goblin unwields a +0 hunting sling.
The goblin wields a +0 dagger.
The goblin hits you but does no damage.
You hit the goblin but do no damage.
The goblin zaps a wand.
The puff of flame hits you!
* * * LOW HITPOINT WARNING * * *
You feel yourself speed up. The goblin hits you but does no damage.
The scorpion stings you.
You die...

..# #.#.##.##.## ...##
#...##.##..##### #....#
##......###.....#
#....##.รท####..######..
#..#..## #....# ##.
#....#######.#.# #.
##$.......# ..... ##
#........## ..... #
#..@....... ..... #
#..gs...... ...... #
#....[....# ...... #
#.........# ......##
?.........# ......).
....#.##.... ######..
##... .# ?... ##. ####
.# ..# ## #


You could see a scorpion and a goblin.

Vanquished Creatures
  An adder (D:3)
  An orc (D:3)
  An endoplasm (D:3)
  A giant cockroach (D:3)
4 creatures vanquished.

Notes
Turn   | Place    | Note
-------+----------+-------------------------------------------
     0 | D:5      | Kold the Demonspawn Delver began the quest for the Orb.
     0 | D:5      | Reached XP level 1. HP: 18/18 MP: 1/1
    51 | D:4      | Noticed an iguana
    74 | D:5      | Noticed an ice beast
   215 | D:3      | Gained mutation: You may rarely emit foul miasma when
                  | damaged in melee. [demonic ancestry]
   215 | D:3      | Reached XP level 2. HP: 6/24 MP: 2/2
   443 | D:3      | Noticed a scorpion
   447 | D:3      | Slain by a scorpion

Illustrated notes

Levels and vault maps discovered:
D:3:      layout_rooms, gammafunk_temple_overflow_elements,
          gammafunk_ghost_split, minivault_4, amcnicky_mini_rare_corridor_liquid
D:4:      layout_loops_ring, pdpol_wu_jian_five_deadly_venoms, serial_shops,
          shop, chequers_serial_rivers_room_b, solitary_fountain,
          serial_bayou_pond_a, chequers_mini_garden, kennysheep_generic_room_9
D:5:      layout_basic, minmay_temple_entry_statues

Skill      XL: |  1 |
---------------+----+-----
Axes           | 2 |  2.0
Dodging        | 2 |  2.0
Fighting       | |  3.1
Stealth        | |  4.6

Action                   || total
-------------------------++-------
Melee: Hand axe          ||    14
  Use: Scroll            ||     1
       Potion            ||     1
Armor: Leather armour    ||     4
Dodge: Dodged            ||    11

Table legend: (Time is in decaauts)
 A = Elapsed time spent in this place.
 B = Non-inter-level travel time spent in this place.
 C = Inter-level travel time spent in this place.
 D = Time resting spent in this place.
 E = Time spent auto-exploring this place.
 F = Levels seen in this place.
 G = Mean time per level.
                   A        B        C        D        E       F      G
               +--------+--------+--------+--------+--------+-----+--------+
         Total |    450 |    450 |      0 |    270 |     72 |   3 |  150.0 |
       Dungeon |    450 |    450 |      0 |    270 |     72 |   3 |  150.0 |
               +--------+--------+--------+--------+--------+-----+--------+

Top non-repeatable levels by time:
     D:3: 350 daAuts
     D:5: 69 daAuts
     D:4: 30 daAuts
